 Dungeon Crawl Stone Soup version 0.31.0-12-g77e489cdc1 (webtiles) character file.

Game seed: 5803419798469487712

276 Metae the Trooper (level 6, -1/55 HPs)
             Began as a Minotaur Fighter on Feb 25, 2024.
             Slain by Pikel
             ... wielding a +0 whip of electrocution
              (10 damage)
             ... on level 4 of the Dungeon.
             The game lasted 00:03:56 (2299 turns).

Metae the Trooper (Minotaur Fighter)                Turns: 2299, Time: 00:03:56

Health: -1/55      AC:  7    Str: 22    XL:     6   Next: 4%
Magic:  5/5        EV: 10    Int:  5    God:
Gold:   203        SH:  4    Dex: 10    Spells: 5/5 levels left

rFire   . . .        a - +0 trident
rCold   . . .        c - +0 buckler
rNeg    . . .        b - +0 scale mail
rPois   .            (helmet restricted)
rElec   .            (no cloak)
rCorr   .            (no gloves)
SInv    .            (no boots)
Will    .....        (no amulet) Stlth
                     (no ring)
HPRegen 0.29/turn    (no ring)
MPRegen 0.09/turn

%: no passive effects
@: no status effects
A: horns 2, retaliatory headbutt
a: no special abilities


You were on level 4 of the Dungeon.
You visited 1 branch of the dungeon, and saw 4 of its levels.

You collected 203 gold pieces.

Inventory:

Hand Weapons
 a - a +0 trident (weapon)
Missiles
 f - 10 poisoned darts (quivered)
 i - a throwing net
Armour
 b - a +0 scale mail (worn)
 c - a +0 buckler (worn)
 p - the orb of the Undertaker {*Rage, rElec}
   (You found it on level 3 of the Dungeon)

   rElec:     It insulates you from electricity.
Jewellery
 n - a ring of magical power
Scrolls
 e - 2 scrolls of enchant armour {unknown}
 g - 2 scrolls of teleportation {unknown}
 j - 2 scrolls of identify {unknown}
 k - a scroll of amnesia {unknown}
 l - a scroll of fear {unknown}
 o - a scroll of noise {unknown}
 q - a scroll of revelation {unknown}
 r - a scroll of fog {unknown}
Potions
 d - a potion of might
 h - a potion of curing
 m - a potion of magic {unknown}


   Skills:
 + Level 4.9 Fighting
 + Level 4.0 Polearms
 + Level 4.8 Armour
 + Level 2.6 Dodging
 + Level 4.8 Shields


You had 5 spell levels left.
You didn't know any spells.
Your spell library contained the following spells:

 Spells                   Type           Power      Damage    Failure   Level
 Hailstorm                Conj/Ice       0%         3d5       99%         3
 Summon Ice Beast         Ice/Summ       0%         N/A       99%         3
 Sculpt Simulacrum        Ice/Alch       0%         N/A       100%        6


Dungeon Overview and Level Annotations

Branches:
Dungeon (4/15)
 Temple: D:4-7

Altars:
Hepliaklqana
Kikubaaqudgha
Yredelemnul

Annotations:
D:4 3 runed translucent doors, Pikel; unihiutale's ghost, amateur OpDe


Innate Abilities, Weirdness & Mutations

You have a pair of horns on your head.
You reflexively headbutt those who attack you in melee.


Message History

Pikel is moderately wounded.
Pikel hits you but does no damage.
You closely miss Pikel.
Pikel is moderately wounded.
The lemure hits you. Pikel hits you but does no damage.
You are electrocuted!
The lemure closely misses you. You furiously retaliate!
You headbutt the lemure!
You are too injured to fight recklessly!
You are too injured to fight recklessly!
Unknown command.
You hit Pikel.
Pikel is moderately wounded.
Pikel hits you but does no damage.
You are electrocuted!
* * * LOW HITPOINT WARNING * * *
The lemure barely misses you. The lemure hits you but does no damage.
The lemure hits you.
* * * LOW HITPOINT WARNING * * *
Pikel attacks as he pursues you! Pikel barely misses you.
Pikel says, "I'm sure the Orcish Mines are around here somewhere..."
Pikel attacks as he pursues you! Pikel barely misses you.
Pikel says, "You'll freeze in Cocytus!"
Pikel attacks as he pursues you!
Pikel hits you with a +0 whip of electrocution!
* * * LOW HITPOINT WARNING * * *
Pikel attacks as he pursues you!
Pikel hits you with a +0 whip of electrocution.
* * * LOW HITPOINT WARNING * * *
There is a stone staircase leading down here.
It was a potion of curing.
You feel better. Pikel barely misses you. Pikel attacks as he pursues you!
Pikel hits you with a +0 whip of electrocution.
* * * LOW HITPOINT WARNING * * *
Pikel attacks as he pursues you! Pikel misses you.
Pikel says, "You'll rot in Tartarus!"
Pikel attacks as he pursues you!
Pikel hits you with a +0 whip of electrocution.
* * * LOW HITPOINT WARNING * * *
You are electrocuted!
You die...
Pikel says, "See you in Hell!"

##########
#........# ###
#........# #.#
##........######.#
.................#
##......†.######.#
##.#.###.#<...#.#
##....# #.####.#@#
......# #......#K#
......##########.##
+###........55.5..#
...#..####..#######
...#..# #..#
##.#..# #..#
##.#..####5.#
##.#......>.#


You could see Pikel and a lemure.

Vanquished Creatures
  Sigmund (D:3)
  7 adders
  A dart slug (D:3)
  An orc (D:3)
  2 bats
  2 endoplasms (D:2)
  2 giant cockroaches (D:2)
  12 goblins
  A hobgoblin (D:3)
  2 jackals (D:2)
  5 quokkas
  6 ball pythons
  2 frilled lizards
  A giant cockroach zombie (D:3)
  A kobold (D:1)
  3 quokka zombies (D:3)
  8 rats
57 creatures vanquished.

Notes
Turn   | Place    | Note
-------+----------+-------------------------------------------
     0 | D:1      | Metae the Minotaur Fighter began the quest for the Orb.
     0 | D:1      | Reached XP level 1. HP: 19/19 MP: 0/0
   213 | D:1      | Reached XP level 2. HP: 27/27 MP: 1/1
   739 | D:2      | Found a hazy altar of Hepliaklqana.
   756 | D:2      | Reached skill level 1 in Dodging
  1032 | D:2      | Reached XP level 3. HP: 33/33 MP: 2/2
  1406 | D:3      | Found a basalt altar of Yredelemnul.
  1479 | D:3      | Reached XP level 4. HP: 40/40 MP: 3/3
  1549 | D:3      | Identified the orb of the Undertaker {*Rage, rElec}
  1661 | D:3      | Noticed Sigmund
  1667 | D:3      | Killed Sigmund
  1668 | D:3      | Reached XP level 5. HP: 47/47 MP: 4/4
  2139 | D:4      | Reached XP level 6. HP: 55/55 MP: 5/5
  2144 | D:4      | Found a runed translucent gate.
  2145 | D:4      | Found a runed translucent gate.
  2146 | D:4      | Found a runed translucent gate.
  2148 | D:4      | Noticed unihiutale's ghost (amateur OpDe)
  2212 | D:4      | Found an ancient bone altar of Kikubaaqudgha.
  2270 | D:4      | Noticed Pikel
  2287 | D:4      | HP: 2/55 [Pikel/+0 whip of electrocution (2)]
  2299 | D:4      | Slain by Pikel

Illustrated notes

Levels and vault maps discovered:
D:1:      dpeg_arrival_three_bigger_balls, layout_basic
D:2:      layout_loops_ring, basic_altar
D:3:      layout_loops_ring, nicolae_yredelemnul_corpse_copse,
          amcnicky_mini_pool_small, uniq_sigmund
D:4:      layout_basic, mainiacjoe_overflow_surrounded_room,
          gammafunk_ghost_split, serial_shops, shop, uniq_natasha, uniq_pikel,
          uniq_robin

Skill      XL: |  1  2  3  4  5 |
---------------+----------------+-----
Dodging        | 1 2 |  2.6
Fighting       | 4 |  4.9
Polearms       | 3 4 |  4.0
Armour         | 4 |  4.8
Shields        | 4 |  4.8

Action                     |  1- 3 |  4- 6 || total
---------------------------+-------+-------++-------
  Melee: Trident           |    89 |    37 ||   126
         Headbutt          |     7 |     5 ||    12
    Use: Potion            |       |     1 ||     1
 Armour: Scale mail        |    36 |    30 ||    66
  Dodge: Dodged            |    30 |    24 ||    54
  Block: Buckler           |    13 |     2 ||    15
